 Dungeon Crawl Stone Soup version 0.24.0-123-gd5b16e6ec5 (webtiles) character file.

Game seed: 4649593722892884648, levelgen mode: deterministic

151860 Notrik the Slayer (level 17, -5/180 HPs)
             Began as a Hill Orc Fighter on Feb 8, 2020.
             Was the Champion of Okawaru.
             Shot with a bolt by a naga sharpshooter (9 damage)
             ... on level 4 of the Snake Pit.
             The game lasted 01:11:46 (34713 turns).

Notrik the Slayer (Hill Orc Fighter)               Turns: 34713, Time: 01:11:46

Health: -5/180     AC: 26    Str: 30    XL:     17   Next: 56%
Magic:  18/18      EV:  7    Int: 11    God:    Okawaru [******]
Gold:   1756       SH: 19    Dex: 13    Spells: 16/16 levels left

rFire    + + +     SeeInvis .   Y - +4 war axe (flame)
rCold    + + .     Gourm    .   X - +5 shield "Moaleom" {rN+}
rNeg     + + .     Faith    .   K - +7 plate armour "Tushieh" {rF++ Str+4 Int+3 Dex+3}
rPois    .         Spirit   .   N - +2 helmet of Hedging {rF+}
rElec    .         Reflect  .   i - +2 cloak {MR+}
rCorr    .         Harm     .   G - +0 pair of gloves
MR       +++..                  J - +0 pair of boots
Stlth    ..........             (no amulet)
HPRegen  0.40/turn              Z - ring of Lady Luck {*Corrode rC+ MR+ Stlth+}
MPRegen  0.16/turn              a - ring of Lannelif {+Fly rC+ rN+ Stlth-}

@: corroded, very slightly contaminated, constricted, invisible
A: no striking features
a: Heroism, Finesse, Renounce Religion, Evoke Flight


You were on level 4 of the Snake Pit.
You worshipped Okawaru.
Okawaru was exalted by your worship.
You were not hungry.

You visited 5 branches of the dungeon, and saw 28 of its levels.
You visited the Abyss 1 time.
You also visited: Volcano.

You collected 3002 gold pieces.
You spent 1246 gold pieces at shops.

Inventory:

Hand Weapons
 Y - a +4 war axe of flaming (weapon)
   (You bought it in a shop on level 11 of the Dungeon)
Missiles
 H - 3 throwing nets (quivered) {!f}
Armour
 h - the +5 scale mail "Biczin" {-Tele rC+ MP+9 Dex+4}
   (You found it on level 2 of the Lair of Beasts)

   It affects your dexterity (+4).
   It protects you from cold.
   It affects your magic capacity (+9).
   It prevents most forms of teleportation.
 i - a +2 cloak of magic resistance (worn)
   (Okawaru gifted it to you on level 1 of the Orcish Mines)
 l - a +0 shield of reflection
   (You took it off Donald on level 2 of the Snake Pit)
 G - a +0 pair of gloves (worn)
   (You found it on level 5 of the Dungeon)
 J - a +0 pair of boots (worn)
   (You found it on level 7 of the Dungeon)
 K - the +7 plate armour "Tushieh" (worn) {rF++ Str+4 Int+3 Dex+3}
   (You found it on level 8 of the Dungeon)

   It affects your strength (+4).
   It affects your intelligence (+3).
   It affects your dexterity (+3).
   It greatly protects you from fire.
 N - the +2 helmet of Hedging (worn) {rF+}
   (Okawaru gifted it to you on level 13 of the Dungeon)

   It protects you from fire.
 X - the +5 shield "Moaleom" (worn) {rN+}
   (You found it on level 13 of the Dungeon)

   It protects you from negative energy.
Jewellery
 a - the ring of Lannelif (right hand) {+Fly rC+ rN+ Stlth-}
   (You found it on level 1 of the Snake Pit)

   [ring of flight]

   It protects you from cold.
   It protects you from negative energy.
   It lets you fly.
   It makes you less stealthy.
 E - a +6 ring of protection
   (You found it on level 4 of the Lair of Beasts)
 Z - the ring of Lady Luck (left hand) {*Corrode rC+ MR+ Stlth+}
   (You found it on level 5 of the Lair of Beasts)

   [ring of protection from magic]

   It protects you from cold.
   It affects your resistance to hostile enchantments.
   It may corrode you when you take damage.
   It makes you more stealthy.
Wands
 d - a wand of iceblast (7)
   (You found it on level 2 of the Lair of Beasts)
 t - a wand of flame (109)
   (You took it off Dowan on level 6 of the Dungeon)
 v - a wand of digging (5)
   (You found it on level 2 of the Snake Pit)
 x - a wand of acid (23)
   (You found it on level 4 of the Lair of Beasts)
 D - a wand of clouds (4)
   (You found it on level 5 of the Dungeon)
 R - a wand of scattershot (21)
   (You found it on level 2 of the Lair of Beasts)
Scrolls
 b - 4 scrolls of magic mapping
 c - 4 scrolls of blinking
 f - 3 scrolls of teleportation {@r4}
 g - 12 scrolls of remove curse {@r2}
 n - 6 scrolls of amnesia
 r - a scroll of vulnerability {unknown}
 s - 2 scrolls of fear
 y - 4 scrolls of enchant armour
 B - a scroll of torment {!r}
 C - 8 scrolls of immolation {!r}
 F - a scroll of brand weapon {unknown}
 I - 2 scrolls of fog
 L - a scroll of silence
 Q - 10 scrolls of identify {@r1}
Potions
 j - 3 potions of ambrosia
 k - 9 potions of curing {@q1}
 m - 2 potions of invisibility
 o - 5 potions of brilliance
 p - 6 potions of mutation {!q}
 q - 6 potions of flight
 u - 5 potions of lignification {!q}
 w - 3 potions of degeneration {!q}
 O - 3 potions of resistance
 P - 5 potions of might
 T - 2 potions of cancellation
 U - 5 potions of agility
 V - 4 potions of haste {@q3}
 W - 3 potions of berserk rage
Comestibles
 e - 42 rations {!d}


   Skills:
 * Level 23.2 Fighting
 + Level 15.9 Axes
 + Level 14.3 Armour
 - Level 4.0 Dodging
 + Level 13.9 Shields
 + Level 1.5 Invocations


You had 16 spell levels left.
You didn't know any spells.
Your spell library contained the following spells:

 Spells                   Type           Power        Failure   Level  Hunger
 Animate Skeleton         Necr           N/A          92%         1    ##.....
 Beastly Appendage        Tmut           #.....       92%         1    ##.....
 Freeze                   Ice            #...         92%         1    ##.....
 Infusion                 Chrm           #...         92%         1    ##.....
 Magic Dart               Conj           #...         92%         1    ##.....
 Pain                     Necr           #...         92%         1    ##.....
 Shock                    Conj/Air       #...         92%         1    ##.....
 Blink                    Tloc           N/A          98%         2    ###....
 Call Imp                 Summ           #.......     98%         2    ###....
 Passwall                 Tmut/Erth      #.......     98%         2    ###....
 Poisonous Vapours        Pois/Air       #.....       98%         2    ###....
 Shroud of Golubria       Chrm/Tloc      #.....       98%         2    ###....
 Slow                     Hex            #.......     98%         2    ###....
 Song of Slaying          Chrm           #.......     98%         2    ###....
 Sticks to Snakes         Tmut           #.......     98%         2    ###....
 Swiftness                Chrm/Air       #.......     98%         2    ###....
 Throw Frost              Conj/Ice       #.....       98%         2    ###....
 Conjure Flame            Conj/Fire      #.......     100%        3    ####...
 Mephitic Cloud           Conj/Pois/Air  #.......     100%        3    ####...
 Ozocubu's Armour         Chrm/Ice       #.......     100%        3    ####...
 Recall                   Summ/Tloc      N/A          100%        3    ####...
 Regeneration             Chrm/Necr      #.........   100%        3    ####...
 Spectral Weapon          Hex/Chrm       #.......     100%        3    ####...
 Spider Form              Tmut/Pois      #.........   100%        3    ####...
 Static Discharge         Conj/Air       #.......     100%        3    ####...
 Vampiric Draining        Necr           #.........   100%        3    ####...
 Airstrike                Air            #.........   100%        4    #####..
 Animate Dead             Necr           N/A          100%        4    #####..
 Ice Form                 Ice/Tmut       #.......     100%        4    #####..
 Passage of Golubria      Tloc           N/A          100%        4    #####..
 Summon Ice Beast         Ice/Summ       #.......     100%        4    #####..
 Throw Icicle             Conj/Ice       #.......     100%        4    #####..
 Aura of Abjuration       Summ           #.........   100%        5    ######.
 Blade Hands              Tmut           #.........   100%        5    ######.
 Lee's Rapid Deconstruct  Erth           #.........   100%        5    ######.
 Lightning Bolt           Conj/Air       #.........   100%        5    ######.
 Metabolic Englaciation   Hex/Ice        #.........   100%        5    ######.
 Summon Demon             Summ           #.........   100%        5    ######.
 Summon Forest            Summ/Tloc      #.........   100%        5    ######.
 Summon Mana Viper        Hex/Summ       #.......     100%        5    ######.
 Bolt of Cold             Conj/Ice       #.........   100%        6    #######
 Darkness                 Hex            #.........   100%        6    #######
 Freezing Cloud           Conj/Ice/Air   #.........   100%        6    #######
 Invisibility             Hex            #.......     100%        6    #######
 Ozocubu's Refrigeration  Ice            #.........   100%        6    #######
 Shadow Creatures         Summ           N/A          100%        6    #######
 Simulacrum               Ice/Necr       #.........   100%        6    #######
 Ring of Flames           Chrm/Fire      #.........   100%        7    #######


Dungeon Overview and Level Annotations

Branches:
Dungeon (15/15)            Temple (1/1) D:4            Lair (6/6) D:9
  Swamp (0/4) Lair:3        Snake (4/4) Lair:4        Slime (0/5) Lair:5
    Orc (2/2) D:11            Elf (0/3) Orc:2        Vaults (0/5) D:13
 Depths (0/5) D:15        Volcano (visited)

Altars:
Ashenzari
Cheibriados
Dithmenos
Elyvilon
Fedhas
Gozag
Hepliaklqana
Kikubaaqudgha
Makhleb
Nemelex Xobeh
Okawaru
Qazlal
Ru
Sif Muna
Trog
Uskayaw
Vehumet
Wu Jian
Xom
Yredelemnul
Zin
The Shining One
Jiyva

Shops:
D:5 (   D:6 ?   D:11 (   Orc:1 *   Orc:2 **}}?%

Annotations:
D:7 2 transporters, viktor89's ghost, novice TeTm
D:9 2 transporters, Xerdoz's ghost, journeyman OpTm
D:10 3 runed translucent doors


Message History

The naga sharpshooter casts a spell.
The naga sharpshooter magically shoots a bolt.
You block the bolt.
The naga sharpshooter shoots a bolt.
The bolt hits you but does no damage.
You see here 5 bolts.
You feel sick.
You feel sick.
You see here 12 stones.
You feel sick.
You feel sick.
You feel sick.
The nagaraja points at you and mumbles some strange words.
The orb of energy hits you!!
* * * LOW HITPOINT WARNING * * *
The nagaraja spits poison at you. The splash of poison hits you.
You are more poisoned.
* * * LOW HITPOINT WARNING * * *
The naga sharpshooter mumbles some strange words.
The naga sharpshooter magically shoots a bolt.
You block the bolt.
You see here a bolt.
You fade into invisibility!
You feel sick. You block the nagaraja's attack.
You are very lightly contaminated with residual magic.
You feel sick. You block the nagaraja's attack. x2
You feel sick.
The naga sharpshooter gestures wildly while chanting.
The naga sharpshooter magically shoots a bolt.
The bolt hits you!
* * * LOW HITPOINT WARNING * * *
The nagaraja gestures at you while chanting.
The bolt of poison hits you!
You are lethally poisoned!
* * * LOW HITPOINT WARNING * * *
The naga sharpshooter casts a spell.
The naga sharpshooter magically shoots a bolt.
The bolt hits you.
* * * LOW HITPOINT WARNING * * *
Your corrosive artefact corrodes you!
You see here 4 bolts.
You feel better. The nagaraja hits you with a +0 spear!
* * * LOW HITPOINT WARNING * * *
You block the nagaraja's attack. The nagaraja hits you with a +0 spear.
* * * LOW HITPOINT WARNING * * *
The nagaraja grabs you. The nagaraja constricts you.
The naga sharpshooter gestures wildly while chanting.
The naga sharpshooter magically shoots a bolt.
The bolt hits you!
You die...

.......## ..##.....##
..####..# ..(####...##
..####....###..###....#
## .........##
##.#......#..#
.........# #...##.....#
.#####...# #..###.....#
..# ##... ##..##......#
#.# ....##..(...#..#..#
#.# ........@.##.###.#
... .###.....N#..# .#
..## ##.####N.## # ##
#. ##(.# # ..
##N###.### .. #(......#
### #(......#
#.N......# .......###.


You could see a nagaraja and 2 naga sharpshooters.

Vanquished Creatures
  Frances (D:13)
  Donald (Snake:2)
  Kirke (D:12)
  2 nagarajas
  2 stone giants
  Snorg (Orc:1)
  6 ogre magi
  5 naga warriors
  4 hydras
  Harold (D:7)
  4 vault guards (D:13)
  5 anacondas
  3 centaur warriors
  A death knight (D:14)
  A catoblepas (Lair:2)
  28 two-headed ogres
  A dancing weapon (Volcano)
  A death yak (Lair:4)
  7 shock serpents
  3 naga sharpshooters
  Sonja (Lair:3)
  3 salamander mystics (Snake:3)
  3 skeletal warriors (D:12)
  5 wizards (Volcano)
  3 unseen horrors
  4 naga ritualists (Snake:2)
  A lindwurm (Lair:4)
  A wolf spider (shapeshifter) (D:15)
  A lindwurm (shapeshifter) (D:15)
  A deep elf mage (D:15)
  14 mana vipers
  2 orc knights
  4 salamanders
  11 ugly things
  2 oklob plants (Lair:2)
  A cyclops (D:14)
  3 manticores
  5 toenail golems (Volcano)
  2 guardian serpents (Snake:2)
  21 naga magi
  8 elephants
  2 centaur zombies
  2 gargoyles (D:15)
  26 black mambas
  A torpor snail (Lair:4)
  12 spiny frogs
  2 rime drakes
  2 efreet
  A freezing wraith (D:14)
  10 komodo dragons
  2 tengu conjurers (D:14)
  6 polar bears
  5 trolls
  A troll (shapeshifter) (D:15)
  Grinder (D:5)
  11 hippogriffs
  4 hornets (Lair:6)
  A polar bear (shapeshifter) (D:15)
  8 dream sheep (Lair:6)
  Prince Ribbit (D:9)
  5 blink frogs (Lair:3)
  8 slime creatures
  A shadow (D:11)
  14 spriggans
  A vampire (D:9)
  2 wraiths
  A yak (shapeshifter) (D:15)
  3 wyverns
  8 humans
  8 basilisks
  27 yaks
  4 hogs (D:12)
  A steam dragon (D:10)
  2 hungry ghosts
  14 vampire mosquitoes
  29 nagas
  An acid dragon (D:15)
  4 wargs
  Duvessa (D:6)
  5 water moccasins
  7 porcupines
  14 orc warriors
  5 ice beasts
  A hornet zombie (D:12)
  7 sky beasts
  7 black bears
  A necrophage (D:12)
  4 phantoms
  27 ogres
  29 wolves
  7 boggarts
  13 centaurs
  2 eyes of draining
  14 crocodiles
  A big kobold (D:9)
  15 bullfrogs
  Dowan (D:6)
  2 wyvern skeletons
  8 scorpions
  3 killer bees (D:9)
  9 wights
  3 howler monkeys
  2 electric eels (Lair:5)
  2 bullfrog zombies
  10 crimson imps
  A wyvern simulacrum (D:14)
  10 hounds
  A jelly (D:13)
  11 orc priests
  3 centaur skeletons
  10 worker ants
  Terence (D:3)
  2 iguanas
  19 orc wizards
  2 killer bee zombies (D:6)
  A hound skeleton (D:5)
  A howler monkey zombie (D:9)
  A howler monkey skeleton (D:10)
  10 adders
  5 shadow imps
  An adder skeleton (D:6)
  An adder zombie (D:7)
  2 worms
  2 dart slugs
  3 leopard geckos
  64 orcs
  4 giant cockroaches
  4 goblins
  13 hobgoblins
  A jackal (D:10)
  11 kobolds
  4 quokkas
  2 ball pythons
  11 bats
  7 frilled lizards
  A jackal skeleton (D:8)
  A leopard gecko zombie (D:7)
  10 rats
  A fungus (Lair:6)
  7 plants
833 creatures vanquished.

Vanquished Creatures (others)
  A human (D:13)
  An orc priest (D:10)
  An orc wizard (D:10)
  3 orcs (D:10)
  A quokka (D:10)
  5 fungi
  A plant (Lair:6)
13 creatures vanquished.

Grand Total: 846 creatures vanquished

Notes
Turn   | Place    | Note
-------+----------+-------------------------------------------
     0 | D:1      | Notrik the Hill Orc Fighter began the quest for the Orb.
     0 | D:1      | Reached XP level 1. HP: 19/19 MP: 1/1
   115 | D:1      | Reached skill level 4 in Fighting
   116 | D:1      | Reached XP level 2. HP: 27/27 MP: 2/2
   461 | D:1      | Reached XP level 3. HP: 34/34 MP: 3/3
   898 | D:2      | Reached skill level 5 in Fighting
   972 | D:2      | Reached XP level 4. HP: 42/42 MP: 4/4
  1036 | D:2      | Found a basalt altar of Yredelemnul.
  1270 | D:2      | Found an ornate altar of the Wu Jian Council.
  1271 | D:2      | Found an ancient bone altar of Kikubaaqudgha.
  1416 | D:3      | Noticed Terence
  1424 | D:3      | Killed Terence
  1471 | D:3      | Reached XP level 5. HP: 50/50 MP: 5/5
  1594 | D:3      | Reached skill level 6 in Fighting
  2067 | D:4      | Found a burning altar of Makhleb.
  2099 | D:4      | Found a staircase to the Ecumenical Temple.
  2113 | Temple   | Entered the Ecumenical Temple
  2161 | Temple   | Became a worshipper of Warmaster Okawaru
  2488 | D:4      | Reached XP level 6. HP: 57/58 MP: 6/6
  2524 | D:4      | You fall into a shaft and drop 3 floors!
  2531 | D:7      | Reached skill level 5 in Shields
  2557 | D:6      | Noticed Duvessa
  2561 | D:6      | Reached skill level 7 in Fighting
  2565 | D:6      | Noticed Dowan
  2585 | D:6      | Found Oniqahaloc's Magic Scroll Shop.
  2604 | D:5      | Entered Level 5 of the Dungeon
  2933 | D:6      | Killed Duvessa
  2933 | D:6      | Reached * piety under Okawaru
  2935 | D:6      | HP: 2/61 [Dowan/puff of flame (9)]
  2940 | D:6      | HP: 1/61 [Dowan/puff of flame (3)]
  2950 | D:6      | Killed Dowan
  2950 | D:6      | Reached skill level 8 in Fighting
  2950 | D:6      | Reached XP level 7. HP: 52/68 MP: 7/7
  3219 | D:6      | Found a sacrificial altar of Ru.
  3219 | D:6      | Found a bloodstained altar of Trog.
  3415 | D:6      | Reached skill level 9 in Fighting
  3619 | D:6      | Bought a scroll of enchant armour for 97 gold pieces
  3619 | D:6      | Bought a scroll of remove curse for 39 gold pieces
  3619 | D:6      | Bought a scroll of identify for 26 gold pieces
  3619 | D:6      | Bought a scroll of remove curse for 39 gold pieces
  3872 | D:7      | Noticed Harold
  4129 | D:5      | Reached XP level 8. HP: 78/78 MP: 8/8
  4134 | D:5      | Reached ** piety under Okawaru
  4279 | D:5      | Found a sparkling altar of Nemelex Xobeh.
  4281 | D:5      | Found a bloodstained altar of Trog.
  4284 | D:5      | Found a radiant altar of Vehumet.
  4386 | D:5      | Reached skill level 10 in Fighting
  4694 | D:5      | Noticed Grinder
  4702 | D:5      | Killed Grinder
  4762 | D:5      | Found Taatof's Antique Weapon Shoppe.
  5200 | D:4      | Reached *** piety under Okawaru
  5200 | D:4      | Reached skill level 11 in Fighting
  5478 | D:7      | Killed Harold
  5478 | D:7      | Reached **** piety under Okawaru
  5478 | D:7      | Reached skill level 12 in Fighting
  5478 | D:7      | Reached XP level 9. HP: 39/90 MP: 9/9
  5794 | D:7      | Found a transporter.
  5794 | D:7      | Identified the +7 great mace of Waagh {flame, rElec MP-9
                  | Int+3 Dex+7}
  5794 | D:7      | Noticed a two-headed ogre
  5794 | D:7      | Noticed viktor89's ghost (novice TeTm)
  5795 | D:7      | Found a transporter.
  6586 | D:8      | Got a brightly glowing ring mail
  6630 | D:8      | Reached skill level 13 in Fighting
  6808 | D:8      | Reached ***** piety under Okawaru
  6808 | D:8      | Reached XP level 10. HP: 74/101 MP: 10/10
  6943 | D:8      | Noticed a two-headed ogre
  6955 | D:8      | Killed a two-headed ogre
  7228 | D:8      | Reached skill level 14 in Fighting
  7289 | D:8      | Got a steaming plate armour
  7326 | D:8      | Identified the +7 plate armour "Tushieh" {rF++ Str+4 Int+3
                  | Dex+3} (You found it on level 8 of the Dungeon)
  7336 | D:8      | Identified the cursed +1 ring mail "Hatinod" {rPois rF++
                  | Str-5 SInv} (You found it on level 8 of the Dungeon)
  7476 | D:9      | Found a transporter.
  7476 | D:9      | Found a transporter.
  7495 | D:9      | Found a staircase to the Lair.
  7514 | D:9      | Reached skill level 10 in Shields
  7526 | D:9      | HP: 5/104 [crocodile (13)]
  7817 | D:9      | Found a glowing golden altar of the Shining One.
  7832 | D:9      | Noticed Prince Ribbit
  7848 | D:9      | Killed Prince Ribbit
  7884 | D:9      | Noticed Xerdoz's ghost (journeyman OpTm)
  7939 | D:9      | Killed an unseen horror
  7939 | D:9      | Received a gift from Okawaru
  7940 | D:9      | Found the +2 cloak of the Thief {+Fog Slay-2 SInv Stlth+}
  8018 | D:9      | Reached skill level 5 in Armour
  8033 | D:9      | Reached skill level 15 in Fighting
  8033 | D:9      | Reached XP level 11. HP: 89/112 MP: 11/11
  8220 | D:9      | You fall into a shaft and drop 2 floors!
  8242 | D:10     | Entered Level 10 of the Dungeon
  8258 | D:10     | Noticed a green ugly thing
  8258 | D:10     | Noticed an unseen horror
  8269 | D:10     | Killed an unseen horror
  8272 | D:10     | Killed a green ugly thing
  8488 | D:10     | Found a blossoming altar of Fedhas.
  8501 | D:10     | Found a runed translucent door.
  8502 | D:10     | Noticed a centaur warrior
  8502 | D:10     | Noticed a cyclops
  8592 | D:10     | Reached skill level 5 in Axes
  8817 | D:10     | Received a gift from Okawaru
  9095 | D:10     | Found a runed translucent door.
  9095 | D:10     | Found a runed translucent door.
  9537 | Lair:1   | Entered Level 1 of the Lair of Beasts
  9852 | Lair:1   | Reached skill level 16 in Fighting
 10221 | Lair:1   | Reached XP level 12. HP: 119/124 MP: 12/12
 10812 | Lair:2   | Noticed a catoblepas
 10849 | Lair:2   | Killed a catoblepas
 11077 | Lair:2   | Got a pitted scale mail
 11102 | Lair:2   | Identified the +5 scale mail "Biczin" {-Tele rC+ MP+9
                  | Dex+4} (You found it on level 2 of the Lair of Beasts)
 11424 | Lair:2   | Reached skill level 17 in Fighting
 11601 | Lair:2   | Reached ****** piety under Okawaru
 11898 | Lair:3   | Noticed a four-headed hydra
 12070 | D:11     | Found a staircase to the Orcish Mines.
 12257 | D:11     | Received a gift from Okawaru
 12585 | D:11     | Found Wiadagim's Antique Weapon Shop.
 12588 | D:11     | Bought a runed war axe for 208 gold pieces
 13195 | Lair:3   | Noticed Sonja
 13462 | Lair:3   | Killed a one-headed hydra
 14008 | Lair:3   | Reached skill level 18 in Fighting
 14009 | Lair:3   | Reached XP level 13. HP: 36/134 MP: 13/13
 14421 | Lair:3   | Found a staircase to the Swamp.
 14929 | Lair:3   | Cast into level 1 of the Abyss (Sonja)
 14929 | Abyss:1  | Found a corrupted altar of Lugonu.
 14929 | Abyss:1  | Found a corrupted altar of Lugonu.
 14952 | Lair:3   | Escaped the Abyss
 15531 | Lair:4   | Found a staircase to the Snake Pit.
 15674 | Lair:4   | Received a gift from Okawaru
 15675 | Lair:4   | Got a twisted hat {god gift}
 15693 | Lair:4   | Identified the -1 hat "Ceqieh" {rC+ Str+2 Int+3} (Okawaru
                  | gifted it to you on level 4 of the Lair of Beasts)
 15810 | Lair:4   | Reached skill level 10 in Axes
 16820 | Lair:5   | Found a viscous altar of Jiyva.
 16820 | Lair:5   | Found a staircase to the Slime Pits.
 17413 | Lair:5   | Reached skill level 10 in Armour
 17445 | Lair:5   | Got a pitted golden ring
 17634 | Lair:5   | Identified the ring of Lady Luck {*Corrode rC+ MR+ Stlth+}
                  | (You found it on level 5 of the Lair of Beasts)
 17844 | Lair:6   | Entered Level 6 of the Lair of Beasts
 17893 | Lair:6   | Reached skill level 19 in Fighting
 18743 | Lair:6   | Received a gift from Okawaru
 18995 | Lair:6   | Received a gift from Okawaru
 19135 | Lair:6   | Reached XP level 14. HP: 117/146 MP: 14/14
 19249 | Lair:6   | Paralysed by a hornet for 2 turns
 20299 | Lair:6   | Got a faintly glowing robe
 20473 | Lair:3   | Killed Sonja
 20909 | Orc:1    | Entered Level 1 of the Orcish Mines
 20918 | Orc:1    | Received a gift from Okawaru
 21086 | Orc:1    | Noticed Snorg
 21094 | Orc:1    | Killed Snorg
 21094 | Orc:1    | Reached skill level 20 in Fighting
 21164 | Orc:1    | Noticed a stone giant
 21172 | Orc:1    | Killed a stone giant
 21396 | Orc:1    | Found Pufajyif's Assorted Antiques.
 21415 | Orc:1    | Bought a scroll of blinking for 210 gold pieces
 21415 | Orc:1    | Bought a runed shield for 210 gold pieces
 21415 | Orc:1    | Bought a scroll of identify for 56 gold pieces
 21427 | Orc:1    | Found a dark tunnel.
 21434 | Volcano  | Entered a volcano
 22211 | Orc:2    | Entered Level 2 of the Orcish Mines
 22219 | Orc:2    | Found Naatul's Food Shop.
 22968 | Orc:2    | Received a gift from Okawaru
 22976 | Orc:2    | Reached XP level 15. HP: 48/157 MP: 15/15
 22983 | Orc:2    | Found a staircase to the Elven Halls.
 23433 | Orc:2    | Found Yvarou's Mayhem Merchandise.
 23525 | Orc:2    | Found Loxky's Gadget Shop.
 23525 | Orc:2    | Found Redam's General Store.
 23526 | Orc:2    | Found Hukhuw's Magic Scroll Shoppe.
 23526 | Orc:2    | Found Qeloet's Gadget Shop.
 23534 | Orc:2    | Bought a scroll of identify for 30 gold pieces
 23534 | Orc:2    | Bought a scroll of identify for 30 gold pieces
 23534 | Orc:2    | Bought a scroll of silence for 112 gold pieces
 23534 | Orc:2    | Bought a scroll of torment for 112 gold pieces
 23536 | Orc:2    | Bought a scroll of identify for 28 gold pieces
 23536 | Orc:2    | Bought a scroll of magic mapping for 49 gold pieces
 23576 | Orc:2    | Reached skill level 21 in Fighting
 24805 | D:12     | Noticed Kirke
 24820 | D:12     | Killed Kirke
 25508 | D:13     | Received a gift from Okawaru
 25509 | D:13     | Got a scorched helmet {god gift}
 25520 | D:13     | Identified the +2 helmet of Hedging {rF+} (Okawaru gifted
                  | it to you on level 13 of the Dungeon)
 26060 | D:13     | Noticed Frances
 26073 | D:13     | Killed Frances
 26297 | D:13     | Got a crude shield
 26299 | D:13     | Found a gate to the Vaults.
 26325 | D:13     | Identified the +5 shield "Moaleom" {rN+} (You found it on
                  | level 13 of the Dungeon)
 26459 | D:14     | Found a shadowy altar of Dithmenos.
 26473 | D:14     | Reached XP level 16. HP: 165/168 MP: 16/16
 26795 | D:14     | Got a polished ring mail
 27051 | D:14     | Identified the +3 ring mail of the Townfolk {-Cast Dex+5}
                  | (You found it on level 14 of the Dungeon)
 27338 | D:15     | Entered Level 15 of the Dungeon
 27403 | D:15     | Reached skill level 22 in Fighting
 27474 | D:15     | Reached skill level 1 in Dodging
 27909 | D:15     | Found a staircase to the Depths.
 28014 | D:15     | Received a gift from Okawaru
 28528 | Snake:1  | Entered Level 1 of the Snake Pit
 28819 | Snake:1  | Got a twitching amber ring
 28821 | Snake:1  | Identified the ring of Lannelif {+Fly rC+ rN+ Stlth-} (You
                  | found it on level 1 of the Snake Pit)
 28844 | Snake:1  | Reached skill level 15 in Axes
 30141 | Snake:1  | Noticed a nagaraja
 30158 | Snake:1  | Killed a nagaraja
 30922 | Snake:2  | Received a gift from Okawaru
 31283 | Snake:2  | Reached XP level 17. HP: 143/178 MP: 17/17
 31615 | Snake:2  | Received a gift from Okawaru
 31617 | Snake:2  | Noticed Donald
 32122 | Snake:2  | Killed Donald
 32487 | Snake:2  | HP: 8/178 [black mamba (3)]
 32489 | Snake:2  | HP: 3/178 [naga mage/+0 spear (1)]
 33289 | Snake:3  | Reached skill level 23 in Fighting
 34217 | Snake:3  | Received a gift from Okawaru
 34335 | Snake:4  | Entered Level 4 of the Snake Pit
 34345 | Snake:3  | Reached skill level 1 in Invocations
 34712 | Snake:4  | HP: 7/180 [naga sharpshooter/bolt (5)]
 34713 | Snake:4  | Shot with a bolt by a naga sharpshooter

Levels and vault maps discovered:
D:1:      minmay_arrival_cross, layout_loops_ring, minmay_door_square
D:2:      layout_basic, minitemple, old_standard_altar, hangedman_decor_growths
D:3:      layout_loops_ring, uniq_terence
D:4:      layout_loops_corners, marbit_many_paths, minmay_temple_entry_offerings
D:5:      layout_basic, grunt_temple_overflow_open, first_ration, serial_shops,
          kennysheep_mini, corner_web_ring, roderic_lattice_a,
          minmay_misc_feat_four_crosses, uniq_grinder
D:6:      layout_cave_pools, old_standard_altar, basic_altar, serial_shops,
          nicolae_shop_statue_plus, lightli_ossuary_entry_decrepit_ruins,
          uniq_duvessa
D:7:      layout_loops_cross, gammafunk_ghost_smash, uniq_harold
D:8:      layout_basic
D:9:      layout_loops_ring, old_standard_altar, david_lair_generic,
          gammafunk_ghost_hive, uniq_prince_ribbit1
D:10:     minmay_the_grid_triangle_9x9_rhombus_full
          [minmay_the_grid_triangle_9x9_impossible_snake,
          minmay_the_grid_triangle_9x9_shrine,
          minmay_the_grid_triangle_9x9_corruption,
          minmay_the_grid_triangle_9x9_swiss_cheese,
          minmay_the_grid_triangle_9x9_thin_v,
          minmay_the_grid_triangle_9x9_tough_junction,
          minmay_the_grid_triangle_9x9_fully_insulated_deathbox,
          minmay_the_grid_triangle_9x9_prize_center], layout_loops_ring,
          hangedman_stone_soup
D:11:     minmay_inside_and_out, layout_irregular_city, orc_0_dummy,
          serial_shops, kennysheep_mini_moat, kennysheep_generic_room_12
D:12:     layout_loops_corners, uniq_kirke
D:13:     layout_roguey, ximxim_vaults_locker_room, uniq_frances
D:14:     layout_cave_pods, grunt_dithmenos_smoke_and_mirrors
D:15:     gammafunk_enter_depths_forms, layout_basic, hangedman_decor_slide_cut
Temple:   cyrus_circular_temple
Lair:1:   layout_long_grid
Lair:2:   layout_loops_ring, minmay_lair_oklob_chamber
Lair:3:   layout_layer_cave, minmay_swamp_entry_swarm, lemuel_fruit_tree,
          grunt_megastairs_3, uniq_sonja
Lair:4:   layout_roguey, dummy_snake_entry, lemuel_fruit_fields,
          grunt_megastairs_1
Lair:5:   layout_misc_corridors, dpeg_slime_entry_enclosed_altar,
          serial_bayou_shore_a
Lair:6:   minmay_lair_end_enchanted_forest, layout_misc_corridors,
          chequers_serial_rivers_large_b, lemuel_fruit_fields,
          infiniplex_staircase_pool
Snake:1:  layout_onion_interference, guppyfry_library_mini
Snake:2:  layout_gridlike, uniq_donald
Snake:3:  layout_cave_shapes, nicolae_large_snake_swirl
Snake:4:  snake_pit, layout_layer_cave, st_stairs_13, uniq_aizul, uniq_vashnia
Orc:1:    layout_diamond_mine, serial_shops, nicolae_shop_statue_plus,
          nicolae_volcano_entry_hallway, uniq_snorg
Orc:2:    st_orc_ogre_mass, layout_caves, serial_shops, shop, minmay_shop_mayhem

Skill      XL: |  1  2  3  4  5  6  7  8  9 10 11 12 13 14 15 16 17 |
---------------+----------------------------------------------------+-----
Fighting       | 4 5 6 8 9 12 13 15 16 18 19 20 21 22 23 | 23.2
Shields        | 4 5 6 8 9 10 11 12 13 | 13.9
Armour         | 5 7 9 10 12 13 14 | 14.3
Axes           | 3 6 9 11 13 14 15 | 15.9
Dodging        | 3 4 |  4.0
Invocations    | 1 |  1.5

Action                   |  1- 3 |  4- 6 |  7- 9 | 10-12 | 13-15 | 16-18 || total
-------------------------+-------+-------+-------+-------+-------+-------++-------
Melee: War axe           |    34 |       |       |   139 |  1336 |   806 ||  2315
       Short sword       |    54 |   158 |       |       |       |       ||   212
       Rapier            |       |       |   212 |   579 |       |       ||   791
Throw: Throwing net      |       |       |       |       |     4 |       ||     4
Invok: Heroism           |       |       |       |     5 |     9 |     6 ||    20
  Use: Scroll            |       |     1 |     5 |    12 |    14 |     6 ||    38
       Potion            |       |     4 |       |     3 |     4 |     5 ||    16
 Stab: Confused          |       |       |       |       |       |     2 ||     2
       Distracted        |       |       |       |       |       |     1 ||     1
  Eat: Chunk             |       |     6 |    10 |    13 |    11 |     4 ||    44
       Ration            |       |       |     1 |     4 |    10 |     7 ||    22
Armor: Scale mail        |    37 |    59 |    76 |     1 |     2 |       ||   175
       Plate armour      |       |       |       |   674 |   786 |   308 ||  1768
       Skin              |       |       |       |       |     3 |       ||     3
Dodge: Dodged            |    18 |    49 |    52 |   250 |   384 |   164 ||   917
Block: Shield            |    49 |   106 |   104 |   196 |   366 |   708 ||  1529
       Buckler           |       |       |       |   230 |   264 |       ||   494
       Reflection        |       |       |       |     2 |       |       ||     2
